 Dungeon Crawl Stone Soup version 0.28-a0-628-g3c9886e45e (webtiles) character file.

Game seed: 18147827655931427308

84 mordus the Chopper (level 4, -2/39 HPs)
             Began as a Hill Orc Fighter on Oct 8, 2021.
             Was an Initiate of Beogh.
             Killed from afar by an orc wizard (10 damage)
             ... with a puff of flame
             ... on level 3 of the Dungeon.
             The game lasted 00:02:31 (2643 turns).

mordus the Chopper (Hill Orc Fighter)               Turns: 2643, Time: 00:02:32

Health: -2/39      AC:  7    Str: 19    XL:     4   Next: 45%
Magic:  4/4        EV:  9    Int:  8    God:    Beogh [......]
Gold:   131        SH:  0    Dex: 10    Spells: 3/3 levels left

rFire   . . .      SeeInvis .   a - +0 war axe
rCold   . . .      Faith    .   c - +0 buckler
rNeg    . . .      Spirit   .   b - +0 scale mail
rPois   .          Reflect  .   (no helmet)
rElec   .          Harm     .   (no cloak)
rCorr   .          Rampage  .   (no gloves)
Will    .....                   (no boots)
Stlth   ..........              (no amulet)
HPRegen 0.13/turn               (no ring)
MPRegen 0.09/turn               (no ring)

@: confused
A: no striking features
a: Renounce Religion


You were on level 3 of the Dungeon.
You worshipped Beogh.
Beogh was noncommittal.
You visited 1 branch of the dungeon, and saw 3 of its levels.

You collected 131 gold pieces.

Inventory:

Hand Weapons
 a - a +0 war axe (weapon)
Armour
 b - a +0 scale mail (worn)
 c - a +0 buckler (worn)
Scrolls
 f - a scroll of enchant weapon {unknown}
 g - a scroll of immolation {unknown}
 k - a scroll of vulnerability {unknown}
 l - a scroll of summoning {unknown}
 m - a scroll of teleportation {unknown}
 n - 3 scrolls of identify {unknown}
 o - 2 scrolls of amnesia {unknown}
 p - a scroll of noise {unknown}
Potions
 d - a potion of might
 e - 2 potions of flight {unknown}
 h - a potion of curing {unknown}
 i - a potion of brilliance {unknown}
 j - a potion of heal wounds {unknown}
 q - a potion of cancellation {unknown}
 r - a potion of haste {unknown}


   Skills:
 - Level 3.6 Fighting
 * Level 4.7 Axes
 + Level 4.0 Armour
 + Level 3.9 Shields


You had 3 spell levels left.
You didn't know any spells.
Your spell library was empty.

Dungeon Overview and Level Annotations

Branches:
Dungeon (3/15)

Altars:
Yredelemnul


Message History

The orc wizard mumbles some strange words.
The orc wizard flickers and vanishes!
Deactivating autopickup; reactivate with Ctrl-A.
You hear some strange, mumbled words.
A magic dart appears from out of thin air!
The magic dart hits you.
You closely miss something. Something hits you but does no damage.
You miss something.
You hear some strange, mumbled words.
You are confused.
You bump into the rock wall.
You hear some strange, mumbled words.
You are more confused.
You miss something. Something hits you.
You closely miss something.
You hear some strange, mumbled words.
You are more confused.
Something hits you. Something hits you but does no damage.
Something hits you but does no damage. Something hits you but does no damage.
You bump into the rock wall.
You hear some strange, mumbled words.
A puff of flame appears from out of thin air!
The puff of flame hits you.
You completely miss something. Something hits you but does no damage.
You completely miss something. Something hits you.
You bump into the rock wall.
You hear some strange, mumbled words.
A puff of flame appears from out of thin air!
The puff of flame hits you.
* * * LOW HITPOINT WARNING * * *
You miss something.
You hear some strange, mumbled words.
You are more confused.
You hear some strange, mumbled words.
A puff of flame appears from out of thin air!
The puff of flame hits you!
You die...
Beogh appreciates something's killing of a heretic priest.

...........# #...#
...........# #...#
...........# #...# .
...........# #...# .#
...........# #...##+#.+
...........#####.......#
...........#..)'.......#
...........#.###{......#
...........# #@......+
...........# #.......#
...........# #####.....#
##########.# #...#.....#
##########.# #.#.#.....#
##.......#.# #.#.#.....#
########.#.#.#.#.#....^#
# #.#.#.#.#.#.(...# #
#.#.#.#.#.#.....#


There were no monsters in sight!

Vanquished Creatures
  A gnoll (D:1)
  3 dart slugs
  3 orcs (D:3)
  3 ball pythons
  10 endoplasms
  A giant cockroach (D:3)
  6 hobgoblins
  3 jackals (D:3)
  2 quokkas (D:1)
  A bat (D:1)
  4 frilled lizards
  11 goblins
  3 kobolds
  7 rats
58 creatures vanquished.

Notes
Turn   | Place    | Note
-------+----------+-------------------------------------------
     0 | D:1      | mordus the Hill Orc Fighter began the quest for the Orb.
     0 | D:1      | Reached XP level 1. HP: 19/19 MP: 1/1
   162 | D:1      | Reached XP level 2. HP: 26/26 MP: 2/2
   397 | D:1      | Reached XP level 3. HP: 31/31 MP: 3/3
   587 | D:1      | Found a faded altar of an unknown god.
  1753 | D:2      | Reached XP level 4. HP: 39/39 MP: 4/4
  2150 | D:3      | Found a basalt altar of Yredelemnul.
  2320 | D:3      | Became a worshipper of Beogh the Brigand
  2643 | D:3      | Killed from afar by an orc wizard

Illustrated notes

Levels and vault maps discovered:
D:1:      kennysheep_arrival_forest, layout_basic, serial_co_window_serial,
          co_window_corner_a, co_window_corner_a, co_window_of_opportunity_a,
          co_window_paths_a, co_window_paths_a, co_window_2corner,
          co_window_of_opportunity_c, co_window_2corner, co_window_2corner,
          co_window_of_opportunity_b, co_window_corner_cb, co_window_paths_c,
          co_window_paths_e, glass_columns_c, glass_columns_a, glass_columns_a,
          shapermc_ecumenical_altar_petra, st_stairs_3
D:2:      layout_basic
D:3:      layout_basic, mainiacjoe_overflow_cross_hatched,
          mainiacjoe_overflow_paths

Skill      XL: |  1  2  3  4 |
---------------+-------------+-----
Axes           | 3 4 |  4.7
Armour         | 4 |  4.0
Fighting       | |  3.6
Shields        | |  3.9

Action                   |  1- 3 |  4- 6 || total
-------------------------+-------+-------++-------
Melee: War axe           |    84 |    64 ||   148
Invok: Convert to Beogh  |       |     1 ||     1
Armor: Scale mail        |    26 |    27 ||    53
Dodge: Dodged            |    37 |    24 ||    61
Block: Buckler           |    12 |     6 ||    18

Table legend: (Time is in decaauts)
 A = Elapsed time spent in this place.
 B = Non-inter-level travel time spent in this place.
 C = Inter-level travel time spent in this place.
 D = Time resting spent in this place.
 E = Time spent auto-exploring this place.
 F = Levels seen in this place.
 G = Mean time per level.
                   A        B        C        D        E       F      G
               +--------+--------+--------+--------+--------+-----+--------+
         Total |   2686 |   2654 |     32 |    139 |   2115 |   3 |  895.3 |
       Dungeon |   2686 |   2654 |     32 |    139 |   2115 |   3 |  895.3 |
               +--------+--------+--------+--------+--------+-----+--------+

Top non-repeatable levels by time:
     D:1: 1474 daAuts
     D:2: 628 daAuts
     D:3: 583 daAuts
